[ AOE2 MATCH · #484208752 ]
1v1 RMJapanese vs Mongols
Player's team · WIN
Rival team · LOSS
[ REPLAY ANALYSIS · EXTRACTED FROM THE RECORDED GAME ]
Feudal
9:34
Castle
28:08
Imperial
—
| APM avg | 42.3 |
| APM peak | 84 |
| eAPM avg | 19.0 |
| Villagers / military | 63 / 64 |
Focus
⚔️ 33.3% · 🌾 66.7%
Spearman ×44 · Archer ×11 · Militia ×7 · Mangonel ×2
Feudal
11:47
Castle
18:43
Imperial
—
| APM avg | 43.7 |
| APM peak | 110 |
| eAPM avg | 23.6 |
| Villagers / military | 107 / 36 |
Focus
⚔️ 25.0% · 🌾 75.0%
Knight ×20 · Scorpion ×6 · Steppe Lancer ×6 · Mangonel ×4
Match map
Initial resources + every placement click. Lines = walls · curves = elevation contours. ◆ gold · ⬟ stone · ● berries · ✦ relic · ◌ wall gap
Your base· Open — unwalled flank
[TKILLA] Elmiko's base· Open — unwalled flank
Smoothed initial terrain · ◌ = detected wall gap · hover for details
Inputs per minute
— JoaqKing - - [TKILLA] Elmiko
Build order — JoaqKing
First 150 of 198 actions detected
| 0:00 | Create | Villager (Male) |
| 0:01 | Create | Villager (Male) |
| 0:01 | Create | Villager (Male) |
| 0:01 | Create | Villager (Male) |
| 0:03 | Build | House |
| 0:05 | Build | House |
| 1:44 | Create | Villager (Male) |
| 2:19 | Create | Villager (Male) |
| 2:43 | Create | Villager (Male) |
| 3:12 | Create | Villager (Male) |
| 3:12 | Create | Villager (Male) |
| 3:20 | Build | Mill |
| 3:33 | Build | Mill |
| 3:45 | Create | Villager (Male) |
| 3:46 | Create | Villager (Male) |
| 4:06 | Build | House |
| 4:12 | Build | House |
| 4:25 | Create | Villager (Male) |
| 4:29 | Create | Villager (Male) |
| 4:34 | Create | Villager (Male) |
| 4:40 | Build | Lumber Camp |
| 5:12 | Create | Villager (Male) |
| 5:21 | Create | Villager (Male) |
| 5:33 | Create | Villager (Male) |
| 5:41 | Create | Villager (Male) |
| 6:00 | Create | Villager (Male) |
| 6:01 | Create | Villager (Male) |
| 6:19 | Build | House |
| 6:26 | Create | Villager (Male) |
| 6:39 | Research | Loom |
| 7:24 | Research | Feudal Age |
| 7:30 | Create | Villager (Male) |
| 8:15 | Build | Barracks |
| 8:16 | Create | Villager (Male) |
| 8:31 | Build | House |
| 8:33 | Build | House |
| 8:44 | Create | Villager (Male) |
| 9:34 | Age | Feudal Age |
| 9:42 | Build | Archery Range |
| 9:43 | Create | Villager (Male) |
| 9:53 | Create | Villager (Male) |
| 10:11 | Create | Villager (Male) |
| 10:16 | Build | Mining Camp |
| 10:19 | Create | Villager (Male) |
| 10:35 | Create | Archer |
| 10:39 | Create | Spearman |
| 10:41 | Create | Villager (Male) |
| 10:45 | Create | Villager (Male) |
| 10:51 | Create | Villager (Male) |
| 11:16 | Create | Villager (Male) |
| 11:19 | Build | Blacksmith |
| 11:20 | Create | Villager (Male) |
| 11:23 | Build | House |
| 11:27 | Create | Villager (Male) |
| 11:46 | Build | Lumber Camp |
| 11:48 | Create | Villager (Male) |
| 11:50 | Create | Archer |
| 12:07 | Research | Fletching |
| 12:31 | Create | Villager (Male) |
| 12:36 | Create | Villager (Male) |
| 12:46 | Create | Villager (Male) |
| 12:47 | Create | Archer |
| 12:54 | Create | Villager (Male) |
| 12:56 | Create | Villager (Male) |
| 13:23 | Create | Villager (Male) |
| 13:24 | Create | Archer |
| 13:28 | Build | Archery Range |
| 13:56 | Create | Archer |
| 13:57 | Create | Villager (Male) |
| 14:05 | Create | Villager (Male) |
| 14:06 | Build | House |
| 14:07 | Build | House |
| 14:08 | Build | House |
| 14:13 | Research | Wheelbarrow |
| 14:22 | Create | Villager (Male) |
| 14:26 | Build | Farm |
| 14:26 | Build | Farm |
| 14:30 | Create | Villager (Male) |
| 14:31 | Create | Archer |
| 14:34 | Build | Farm |
| 14:34 | Build | Farm |
| 14:50 | Create | Archer |
| 16:02 | Build | Barracks |
| 16:07 | Create | Villager (Male) |
| 16:10 | Build | Barracks |
| 16:13 | Create | Spearman |
| 16:14 | Create | Spearman |
| 16:50 | Research | Scale Mail Armor |
| 16:57 | Create | Spearman |
| 17:07 | Build | Farm |
| 17:07 | Build | Farm |
| 17:12 | Build | Farm |
| 17:12 | Build | Farm |
| 17:12 | Build | Farm |
| 17:12 | Build | Farm |
| 17:27 | Build | House |
| 17:28 | Build | House |
| 17:29 | Create | Spearman |
| 17:29 | Create | Spearman |
| 17:30 | Create | Spearman |
| 18:05 | Create | Villager (Male) |
| 18:07 | Create | Villager (Male) |
| 18:51 | Create | Villager (Male) |
| 18:56 | Create | Spearman |
| 18:56 | Create | Spearman |
| 18:57 | Create | Spearman |
| 19:09 | Build | Farm |
| 19:09 | Build | Farm |
| 19:09 | Build | Farm |
| 19:10 | Build | Farm |
| 19:10 | Build | Farm |
| 19:15 | Create | Villager (Male) |
| 19:24 | Create | Spearman |
| 19:24 | Create | Spearman |
| 19:25 | Create | Spearman |
| 19:26 | Create | Spearman |
| 19:49 | Create | Spearman |
| 19:50 | Create | Spearman |
| 19:50 | Create | Spearman |
| 20:22 | Create | Villager (Male) |
| 20:28 | Create | Villager (Male) |
| 20:35 | Create | Villager (Male) |
| 20:44 | Create | Archer |
| 20:44 | Create | Archer |
| 20:44 | Create | Archer |
| 20:44 | Create | Archer |
| 20:46 | Create | Spearman |
| 20:47 | Create | Spearman |
| 20:48 | Create | Spearman |
| 21:12 | Create | Villager (Male) |
| 21:15 | Build | House |
| 21:16 | Build | House |
| 21:43 | Build | Mining Camp |
| 21:51 | Build | Farm |
| 22:52 | Create | Spearman |
| 22:52 | Create | Spearman |
| 22:52 | Create | Spearman |
| 22:52 | Create | Spearman |
| 22:58 | Create | Spearman |
| 22:59 | Create | Spearman |
| 23:10 | Create | Villager (Male) |
| 23:12 | Create | Spearman |
| 23:12 | Create | Spearman |
| 23:13 | Create | Spearman |
| 23:13 | Create | Spearman |
| 23:49 | Build | Farm |
| 23:50 | Build | Farm |
| 23:50 | Build | Farm |
| 23:51 | Build | Farm |
| 23:51 | Build | Farm |
Build order — [TKILLA] Elmiko
First 150 of 223 actions detected
| 0:00 | Create | Villager (Male) |
| 0:01 | Create | Villager (Male) |
| 0:01 | Create | Villager (Male) |
| 0:03 | Build | House |
| 1:19 | Build | House |
| 1:21 | Create | Villager (Male) |
| 1:52 | Build | House |
| 1:59 | Create | Villager (Male) |
| 1:59 | Create | Villager (Male) |
| 2:21 | Build | House |
| 2:26 | Create | Villager (Male) |
| 2:26 | Create | Villager (Male) |
| 2:26 | Create | Villager (Male) |
| 3:10 | Create | Villager (Male) |
| 3:10 | Create | Villager (Male) |
| 3:10 | Create | Villager (Male) |
| 4:00 | Create | Villager (Male) |
| 4:00 | Create | Villager (Male) |
| 4:00 | Create | Villager (Male) |
| 4:00 | Create | Villager (Male) |
| 4:00 | Create | Villager (Male) |
| 4:00 | Create | Villager (Male) |
| 4:57 | Create | Villager (Male) |
| 4:57 | Create | Villager (Male) |
| 4:57 | Create | Villager (Male) |
| 4:57 | Create | Villager (Male) |
| 4:57 | Create | Villager (Male) |
| 4:57 | Create | Villager (Male) |
| 5:22 | Create | Villager (Male) |
| 5:22 | Create | Villager (Male) |
| 5:22 | Create | Villager (Male) |
| 5:22 | Create | Villager (Male) |
| 5:22 | Create | Villager (Male) |
| 5:22 | Create | Villager (Male) |
| 6:33 | Build | Mining Camp |
| 7:15 | Build | Mill |
| 7:19 | Create | Villager (Male) |
| 7:19 | Create | Villager (Male) |
| 7:19 | Create | Villager (Male) |
| 7:19 | Create | Villager (Male) |
| 8:05 | Build | Lumber Camp |
| 8:13 | Create | Villager (Male) |
| 8:13 | Create | Villager (Male) |
| 8:13 | Create | Villager (Male) |
| 8:13 | Create | Villager (Male) |
| 8:13 | Create | Villager (Male) |
| 8:13 | Create | Villager (Male) |
| 8:42 | Create | Villager (Male) |
| 8:43 | Create | Villager (Male) |
| 8:43 | Create | Villager (Male) |
| 8:43 | Create | Villager (Male) |
| 8:43 | Create | Villager (Male) |
| 8:43 | Create | Villager (Male) |
| 9:22 | Build | Barracks |
| 9:37 | Research | Feudal Age |
| 10:07 | Build | House |
| 10:42 | Create | Villager (Male) |
| 10:42 | Create | Villager (Male) |
| 10:42 | Create | Villager (Male) |
| 10:42 | Create | Villager (Male) |
| 10:42 | Create | Villager (Male) |
| 10:42 | Create | Villager (Male) |
| 10:52 | Build | House |
| 11:24 | Research | Loom |
| 11:30 | Build | Palisade Wall |
| 11:37 | Build | Palisade Wall |
| 11:47 | Age | Feudal Age |
| 11:51 | Research | Double-Bit Axe |
| 11:53 | Create | Villager (Male) |
| 11:53 | Create | Villager (Male) |
| 11:53 | Create | Villager (Male) |
| 11:53 | Create | Villager (Male) |
| 11:53 | Create | Villager (Male) |
| 11:53 | Create | Villager (Male) |
| 12:03 | Research | Horse Collar |
| 12:10 | Build | House |
| 12:30 | Build | Watch Tower |
| 14:34 | Build | Farm |
| 14:37 | Build | Farm |
| 14:41 | Build | Farm |
| 15:12 | Build | Stable |
| 15:17 | Build | Blacksmith |
| 15:23 | Build | Farm |
| 15:23 | Build | Farm |
| 15:23 | Build | Farm |
| 15:36 | Create | Villager (Male) |
| 15:36 | Create | Villager (Male) |
| 16:03 | Research | Castle Age |
| 16:38 | Build | House |
| 16:55 | Build | Farm |
| 16:55 | Build | Farm |
| 16:55 | Build | Farm |
| 16:55 | Build | Farm |
| 16:55 | Build | Farm |
| 16:55 | Build | Farm |
| 17:07 | Build | House |
| 17:45 | Build | Mining Camp |
| 18:05 | Build | Farm |
| 18:08 | Build | Farm |
| 18:19 | Build | House |
| 18:24 | Research | Scale Barding Armor |
| 18:43 | Age | Castle Age |
| 18:47 | Create | Knight |
| 18:47 | Create | Knight |
| 18:47 | Create | Knight |
| 18:47 | Create | Knight |
| 18:51 | Create | Villager (Male) |
| 18:51 | Create | Villager (Male) |
| 18:51 | Create | Villager (Male) |
| 19:10 | Build | Stable |
| 19:35 | Build | Farm |
| 19:41 | Create | Knight |
| 19:41 | Create | Knight |
| 19:41 | Create | Knight |
| 19:46 | Build | Farm |
| 20:26 | Build | Farm |
| 20:26 | Build | Farm |
| 20:38 | Create | Knight |
| 20:38 | Create | Knight |
| 20:39 | Create | Knight |
| 20:54 | Create | Villager (Male) |
| 20:54 | Create | Villager (Male) |
| 20:54 | Create | Villager (Male) |
| 21:20 | Create | Knight |
| 21:20 | Create | Knight |
| 21:20 | Create | Knight |
| 21:20 | Create | Knight |
| 21:36 | Build | Farm |
| 21:36 | Build | Farm |
| 21:36 | Build | Farm |
| 21:36 | Build | Farm |
| 21:36 | Build | Farm |
| 21:36 | Build | Farm |
| 21:46 | Build | House |
| 22:07 | Research | Bloodlines |
| 22:12 | Build | House |
| 22:12 | Build | House |
| 22:12 | Build | House |
| 22:13 | Build | House |
| 22:13 | Build | House |
| 22:13 | Build | House |
| 22:13 | Build | House |
| 23:00 | Build | Stable |
| 23:30 | Create | Knight |
| 23:30 | Create | Knight |
| 23:30 | Create | Knight |
| 23:30 | Create | Knight |
| 23:30 | Create | Knight |
| 23:30 | Create | Knight |
| 24:14 | Build | Town Center |
Match timeline
| 8:15 | JoaqKing · first_building Barracks |
| 9:22 | [TKILLA] Elmiko · first_building Barracks |
| 9:34 | JoaqKing · age_up feudal |
| 9:42 | JoaqKing · first_building Archery Range |
| 11:30 | [TKILLA] Elmiko · wall_segment Palisade Wall x1 |
| 11:37 | [TKILLA] Elmiko · wall_segment Palisade Wall x5 |
| 11:47 | [TKILLA] Elmiko · age_up feudal |
| 15:12 | [TKILLA] Elmiko · first_building Stable |
| 18:43 | [TKILLA] Elmiko · age_up castle |
| 28:08 | JoaqKing · age_up castle |
| 28:58 | JoaqKing · first_building Siege Workshop |
| 29:41 | [TKILLA] Elmiko · first_building Siege Workshop |
| 31:18 | JoaqKing · first_building Castle |
| 32:26 | [TKILLA] Elmiko · resign |
[ AI ANALYSIS · 1 CREDIT ]
What really happened in this match?
Wolo.gg analyzes every decision: build order, eco, micro, common mistakes by bracket. Personalized analysis on WhatsApp or Discord in 30 seconds.
Civ guide
Japanese
Map guide
Border Dispute
Perfil
JoaqKing